 Dungeon Crawl Stone Soup version 0.31-a0-986-g5e6e4ef867 (webtiles) character file.

Game seed: 6610292970681485682

8449 monsoonserge the Grappler (level 11, -1/74 (76) HPs)
             Began as a Merfolk Shapeshifter on Nov 17, 2023.
             Was a Priest of Nemelex Xobeh.
             Slain by a hell rat (7 damage)
             ... on level 1 of the Lair of Beasts.
             The game lasted 00:36:54 (9849 turns).

monsoonserge the Grappler (Merfolk Shapeshifter)    Turns: 9849, Time: 00:36:55

HP:   -1/74 (76)    AC: 14    Str: 18    XL:     11   Next: 31%
MP:   0/14          EV:  9    Int: 10    God:    Nemelex Xobeh [***...]
Gold: 185           SH:  0    Dex: 16    Spells: 10/10 levels left

rFire   . .          .
                       - Unarmed
rCold   + . .        z - melded +0 kite shield
rNeg    . . .        q - +1 chain mail of Edoliy {Harm Rampage rCorr Dex+2}
rPois   .            M - +0 helmet
rElec   .            i - +0 cloak
rCorr   +            (no gloves)
SInv    .            (no boots)
Will    .....        B - amulet of guardian spirit Stlth
                     (no ring)
HPRegen 0.32/turn    (no ring)
MPRegen 0.14/turn

%: harm (+30% outgoing, +20% incoming), guardian spirit, rampage
@: flux-form, glowing, lightly drained
A: glow, contaminating, (nimble swimmer 2), mertail, iridescent scales 1, cold
resistance 1
a: Begin Untransformation, Renounce Religion, Draw Escape, Draw Destruction,
Draw Summoning, Triple Draw


You were on level 1 of the Lair of Beasts.
You worshipped Nemelex Xobeh.
Nemelex Xobeh was most pleased with you.
You were something dangerously unstable.
You visited 3 branches of the dungeon, and saw 12 of its levels.
You also visited: Sewer and Ossuary.

You collected 449 gold pieces.
You spent 264 gold pieces at shops.

Inventory:

Missiles
 f - 4 javelins
 g - 23 poisoned darts
 J - 2 curare-tipped darts
 N - 4 boomerangs
Armour
 i - a +0 cloak (worn)
 q - the +1 chain mail of Edoliy (worn) {Harm Rampage rCorr Dex+2}
   (You found it on level 2 of the Dungeon)

   Dex+2:     It affects your dexterity (+2).
   rCorr:     It protects you from acid and corrosion.
   Harm:      It increases damage dealt and taken.
   Rampage:   It bestows one free step when moving towards enemies.
 r - a +0 buckler
 z - a +0 kite shield (melded)
 M - a +0 helmet (worn)
 P - +0 steam dragon scales
Jewellery
 p - a +6 ring of intelligence
 B - an amulet of guardian spirit (around neck)
 Q - a +6 ring of intelligence
Talismans
 c - a beast talisman
 d - a flux talisman (active)
Wands
 u - a wand of flame (9) (quivered)
 O - a wand of digging (3)
 R - a wand of paralysis (4)
Scrolls
 a - a scroll of vulnerability
 e - a scroll of revelation
 k - a scroll of brand weapon
 l - 2 scrolls of blinking
 o - 2 scrolls of fear {unknown}
 t - a scroll of amnesia
 x - 3 scrolls of immolation
 y - 3 scrolls of fog {unknown}
 A - 4 scrolls of enchant weapon
 C - a scroll of summoning {unknown}
 D - 4 scrolls of poison
 E - 5 scrolls of teleportation
 S - a scroll of enchant armour {unknown}
Potions
 b - a potion of lignification
 h - 3 potions of mutation
 j - 4 potions of curing
 m - 6 potions of heal wounds
 n - 7 potions of haste
 s - 4 potions of attraction {unknown}
 v - 2 potions of cancellation
 w - a potion of invisibility {unknown}
 F - a potion of enlightenment {unknown}
 G - a potion of brilliance {unknown}
 H - a potion of berserk rage
 I - 3 potions of might
 K - 2 potions of magic
 L - a potion of resistance {unknown}
Miscellaneous
 T - a condenser vane


   Skills:
 * Level 3.6 Fighting
 + Level 0.3 Throwing
 + Level 3.7 Armour
 + Level 4.8 Dodging
 + Level 0.7 Stealth
 - Level 3.0 Shields
 + Level 14.6 Unarmed Combat
 * Level 4.2 Invocations
 * Level 2.3 Evocations
 + Level 8.4 Shapeshifting


You had 10 spell levels left.
You didn't know any spells.
Your spell library contained the following spells:

 Spells                   Type           Power      Damage    Failure   Level
 Ensorcelled Hibernation  Hex/Ice        0%         N/A       99%         2
 Passwall                 Tmut/Erth      0%         N/A       99%         2
 Scorch                   Fire           0%         2d5       99%         2
 Frozen Ramparts          Ice            0%         1d1       100%        3
 Gell's Gravitas          Tloc           0%         N/A       100%        3
 Ignite Poison            Fire/Tmut/Pois 0%         N/A       100%        3
 Swiftness                Air            0%         N/A       100%        3
 Teleport Other           Tloc           0%         N/A       100%        3
 Flame Wave               Conj/Fire      0%         2d4       100%        4
 Petrify                  Tmut/Erth      0%         N/A       100%        4
 Sticky Flame             Conj/Fire      0%         2d3       100%        4
 Vhi's Electric Charge    Tloc/Air       0%         N/A       100%        4
 Arcjolt                  Conj/Air       0%         1d10      100%        5
 Metabolic Englaciation   Hex/Ice        0%         N/A       100%        5
 Dispersal                Tloc           0%         N/A       100%        6
 Plasma Beam              Fire/Air       0%         2x1d10    100%        6
 Summon Cactus Giant      Summ           0%         N/A       100%        6
 Ignition                 Fire           0%         3d3       100%        8
 Maxwell's Capacitive Co  Air            0%         ∞         100%        8


Dungeon Overview and Level Annotations

Branches:
Dungeon (10/15)            Temple (1/1) D:6            Lair (1/5) D:8
    Orc (0/2) D:9           Sewer (visited)         Ossuary (visited)

Altars:
Ashenzari
Cheibriados
Dithmenos
Elyvilon
Fedhas
Gozag
Hepliaklqana
Kikubaaqudgha
Makhleb
Nemelex Xobeh
Okawaru
Ru
Sif Muna
Trog
Uskayaw
Vehumet
Wu Jian
Xom
Yredelemnul
Zin
The Shining One

Shops:
D:4 (   D:6 !

Annotations:
D:10 Erolcha


Innate Abilities, Weirdness & Mutations

You are something dangerously unstable.
You glow with magical radiation, making you easy to see and hit.
Foes you strike become dangerously contaminated with magical radiation.
You are incapable of wielding weapons or throwing items.
((You are very nimble when in or above water. (Stealth+, EV+, Speed+++)))
Your lower body shifts to a powerful aquatic tail in water.
You are partially covered in iridescent scales. (AC +2)
Your flesh is cold resistant. (rC+)


Message History

The hell rat bites you.
* * * LOW HITPOINT WARNING * * *
You hit the komodo dragon.
The komodo dragon glows dangerously bright.
The komodo dragon is heavily wounded.
The hell rat bites you but does no damage.
The komodo dragon bites you!
* * * LOW HITPOINT WARNING * * *
Unknown command.
You draw a card...
You have drawn the Illusion.
Suddenly you stand beside yourself. The hell rat completely misses you.
The hell rat bites you but does no damage. x2
The komodo dragon closely misses you. The hell rat closely misses you.
You swap places.
The hell rat closely misses you.
The hell rat misses monsoonserge's illusion.
The komodo dragon bites monsoonserge's illusion!
The hell rat attacks as it pursues you!
The hell rat bites you but does no damage.
The hell rat bites monsoonserge's illusion but does no damage.
The hell rat barely misses you.
Monsoonserge's illusion hits the hell rat!
You draw a card...
You have drawn the Tomb.
Walls emerge from the floor!
The hell rat completely misses you.
The komodo dragon bites monsoonserge's illusion.
The hell rat bites you but does no damage.
The hell rat bites monsoonserge's illusion!
The hell rat barely misses you.
Monsoonserge's illusion hits the komodo dragon.
The hell rat bites you!
* * * LOW HITPOINT WARNING * * *
You draw a card...
You have drawn Vitriol.
Press: ? - help, Shift-Dir - straight line The bolt of acid hits the hell rat!!
The acid corrodes the hell rat!
You kill the hell rat!
The bolt of acid hits the hell rat!
The acid corrodes the hell rat!
You kill the hell rat!
The hell rat bites you!
You die...
Your body glows with a rainbow of weird colours and disappears.

.........†............##
....<..†...............#
................>......#
...........#...........#
..........#...........##
..........##.........##
..........###........#
.........###...###...#
........## ##...pr...#
#..r.@...# #......†l...#
##.........##
##........# #........#
#........P #.....[..##
.........#


You could see a komodo dragon (heavy contam, misshapen, ally target), 2 hell
rats and the friendly monsoonserge's illusion (summoned).

Vanquished Creatures
  2 two-headed ogres (D:9)
  Joseph (D:7)
  Maggie (D:7)
  A kobold demonologist (D:9)
  3 trolls
  A shadow (D:9)
  4 yaks (D:8)
  Menkaure (D:4)
  A steam dragon (D:7)
  An acid dragon (D:9)
  A water moccasin (D:4)
  Duvessa (D:7)
  A black bear (D:5)
  2 ice beasts
  2 orc warriors
  7 wolves
  2 centaurs (D:9)
  3 kobold brigands
  2 phantoms
  3 bullfrogs
  A gnoll sergeant (D:9)
  11 scorpions
  9 wights
  Dowan (D:7)
  3 electric eels (D:8)
  4 centaur zombies (Ossuary)
  9 hounds
  3 jellies
  Crazy Yiuf (D:2)
  2 orc priests (D:6)
  4 gnoll boudas
  2 sleepcaps
  An iguana (D:5)
  6 orc wizards
  3 scorpion zombies (Ossuary)
  2 hell rats (Lair:1)
  4 mummies
  Robin (D:2)
  19 gnolls
  8 adders
  A shadow imp (D:7)
  A white imp (D:5)
  A dart slug (D:2)
  5 worms
  27 orcs
  7 endoplasms
  5 giant cockroaches
  18 goblins
  5 hobgoblins
  7 jackals
  23 kobolds
  2 quokkas (D:1)
  5 ball pythons
  3 bats
  A gnoll zombie (Ossuary)
  3 goblin zombies
  3 kobold zombies
  6 orc zombies (Ossuary)
  8 rats
  A spectral kobold (D:3)
266 creatures vanquished.

Notes
Turn   | Place    | Note
-------+----------+-------------------------------------------
     0 | D:1      | monsoonserge the Merfolk Shapeshifter began the quest for
                  | the Orb.
     0 | D:1      | Reached XP level 1. HP: 15/15 MP: 1/1
   156 | D:1      | Reached XP level 2. HP: 21/21 MP: 2/2
   527 | D:2      | Noticed Robin
   831 | D:2      | Reached XP level 3. HP: 21/26 MP: 3/3
   833 | D:2      | Found a shimmering blue altar of Sif Muna.
   842 | D:2      | Reached skill level 4 in Unarmed Combat
   904 | D:2      | Found a runed translucent door.
   905 | D:2      | Noticed Crazy Yiuf
  1164 | D:2      | Reached XP level 4. HP: 31/32 MP: 4/4
  1174 | D:2      | Identified the +1 chain mail of Edoliy {Harm Rampage rCorr
                  | Dex+2}
  1215 | D:2      | Killed Robin
  1423 | D:2      | Reached skill level 5 in Unarmed Combat
  1561 | D:2      | Killed Crazy Yiuf
  1562 | D:2      | Gained mutation: Your flesh is cold resistant. (rC+)
                  | [potion of mutation]
  1562 | D:2      | Gained mutation: You are partially covered in iridescent
                  | scales. (AC +2) [potion of mutation]
  1563 | D:2      | HP: 1/32 [poisoned by Crazy Yiuf]
  1750 | D:3      | Reached XP level 5. HP: 37/37 MP: 5/5
  1815 | D:3      | Found an opulent altar of Gozag.
  1975 | D:3      | Found a faded altar of an unknown god.
  2045 | D:3      | Found a bloodstained altar of Trog.
  2091 | D:3      | Found a basalt altar of Yredelemnul.
  2396 | D:3      | Found an ancient bone altar of Kikubaaqudgha.
  2547 | D:4      | Found a sparkling altar of Nemelex Xobeh.
  2554 | D:4      | Reached skill level 6 in Unarmed Combat
  2556 | D:4      | Became a worshipper of Nemelex Xobeh the Trickster
  2571 | D:4      | Noticed a water moccasin
  2579 | D:4      | Killed a water moccasin
  2580 | D:4      | Reached XP level 6. HP: 43/43 MP: 6/6
  2639 | D:4      | Noticed Menkaure
  2798 | D:4      | Killed Menkaure
  2799 | D:4      | Reached skill level 1 in Armour
  2799 | D:4      | Reached skill level 7 in Unarmed Combat
  2799 | D:4      | Reached XP level 7. HP: 26/48 MP: 7/7
  2973 | D:4      | Found Rauhuh's Antique Weapon Shop.
  3338 | D:5      | Entered Level 5 of the Dungeon
  3514 | D:5      | Reached * piety under Nemelex Xobeh
  3543 | D:5      | Reached skill level 8 in Unarmed Combat
  3588 | D:5      | Noticed a troll
  3615 | D:5      | Reached skill level 1 in Shields
  3615 | D:5      | Reached skill level 5 in Shapeshifting
  3638 | D:5      | Reached XP level 8. HP: 28/54 MP: 5/8
  3646 | D:5      | Killed a troll
  3647 | D:5      | Reached skill level 9 in Unarmed Combat
  4262 | D:6      | Found a sand-covered staircase.
  4288 | Ossuary  | Entered an ossuary
  4350 | Ossuary  | Received a gift from Nemelex Xobeh
  4422 | Ossuary  | Reached skill level 10 in Unarmed Combat
  4489 | Ossuary  | Reached XP level 9. HP: 61/61 MP: 9/9
  4538 | Ossuary  | Reached skill level 11 in Unarmed Combat
  4689 | D:6      | Found Toga's Distillery.
  4692 | D:6      | Bought a potion of heal wounds for 55 gold pieces
  4692 | D:6      | Bought a potion of berserk rage for 55 gold pieces
  4692 | D:6      | Bought a potion of might for 44 gold pieces
  4692 | D:6      | Bought a potion of haste for 110 gold pieces
  4707 | D:6      | Found an ornate altar of the Wu Jian Council.
  4838 | D:6      | Found a glowing drain.
  4852 | Sewer    | Entered a sewer
  5217 | D:6      | Identified the +3 flail "Newtslayer" {holy, Stlth+}
  5220 | D:6      | Found a glowing golden altar of the Shining One.
  5273 | D:6      | Received a gift from Nemelex Xobeh
  5292 | D:6      | Reached ** piety under Nemelex Xobeh
  5480 | D:6      | Found a burning altar of Makhleb.
  5481 | D:6      | Found a glowing silver altar of Zin.
  5482 | D:6      | Found a hazy altar of Hepliaklqana.
  5526 | D:6      | Found a staircase to the Ecumenical Temple.
  5531 | Temple   | Entered the Ecumenical Temple
  5720 | D:6      | Reached skill level 12 in Unarmed Combat
  5994 | D:7      | Noticed Maggie
  6126 | D:7      | Reached skill level 1 in Invocations
  6164 | D:7      | Found a shadowy altar of Dithmenos.
  6513 | D:7      | Reached XP level 10. HP: 57/67 MP: 9/11
  6598 | D:7      | Noticed Duvessa
  6598 | D:7      | Noticed Dowan
  6606 | D:7      | Killed Dowan
  6606 | D:7      | Killed Duvessa
  6632 | D:7      | Noticed Joseph
  6635 | D:7      | Received a gift from Nemelex Xobeh
  6642 | D:7      | Killed Joseph
  6643 | D:7      | Reached skill level 13 in Unarmed Combat
  6803 | D:7      | Found a hide-covered altar of Uskayaw.
  6839 | D:7      | Killed Maggie
  7308 | D:8      | Identified the +4 long sword of Famine {heavy, rPois rF+
                  | Will+}
  7771 | D:8      | Reached *** piety under Nemelex Xobeh
  7887 | D:8      | Found a staircase to the Lair.
  8259 | D:8      | Identified the +6 falchion of Otich {flame, Fly rC+++ Will+
                  | Stlth-}
  8442 | D:9      | Received a gift from Nemelex Xobeh
  8471 | D:9      | Found a broken altar of Ashenzari.
  8539 | D:9      | Noticed a two-headed ogre
  8547 | D:9      | Killed a two-headed ogre
  8548 | D:9      | Reached skill level 14 in Unarmed Combat
  8817 | D:9      | Noticed a two-headed ogre
  8823 | D:9      | Killed a two-headed ogre
  8824 | D:9      | Reached skill level 1 in Evocations
  8824 | D:9      | Reached XP level 11. HP: 58/75 MP: 10/13
  9307 | D:9      | Found a staircase to the Orcish Mines.
  9654 | D:10     | Entered Level 10 of the Dungeon
  9660 | D:10     | Received a gift from Nemelex Xobeh
  9758 | D:10     | Noticed Erolcha
  9807 | Lair:1   | Entered Level 1 of the Lair of Beasts
  9849 | Lair:1   | Slain by a hell rat

Illustrated notes

Levels and vault maps discovered:
D:1:      spicycebolla_arrival_xxxplode, layout_basic, nicolae_eternal_life,
          nicolae_kite_square_tiling_tiny
D:2:      layout_loops_ring, basic_altar, uniq_robin, uniq_crazy_yiuf_cottage
D:3:      layout_loops_cross, trog_three_pillars_becter, general_overflow_altar,
          grunt_gozag_breadcrumbs, overflow_temple_1_default,
          dreamdust_ecumenical_altar_drowned_temple
D:4:      layout_basic, nemelex_xobeh_ov_fountains_minmay, serial_shops, shop,
          minivault_14, minmay_misc_feat_cross, minmay_goblin_outpost,
          uniq_menkaure
D:5:      layout_loops_ring
D:6:      layout_basic, nicolae_wu_jian_wuxing_cycle,
          gammafunk_temple_overflow_forgotten, nicolae_tso_swordbearing_angel,
          minmay_temple_entry_grid, serial_shops, shop, portal_sewer_entry_b,
          nicolae_ossuary_entry_giza
D:7:      layout_loops_ring, mainiacjoe_overflow_cross_hatched,
          nicolae_dithmenos_shadow_blocks, uniq_maggie, uniq_duvessa,
          uniq_joseph
D:8:      layout_loops_cross, erik_lair_island
D:9:      layout_roguey, evilmike_ruin_ashenzari, orc_0_dummy
D:10:     layout_loops_cross, mainiacjoe_overflow_alcove_4, uniq_erolcha
Temple:   nicolae_temple_ecumenical_triangle
Lair:1:   lemuel_ratsnest, layout_cave_pods, enter_volcano_1, grunt_megastairs_1

Skill      XL: |  1  2  3  4  5  6  7  8  9 10 11 |
---------------+----------------------------------+-----
Dodging        | 3 4 |  4.8
Unarmed Combat | 4 5 6 7 8 10 12 14 | 14.6
Armour         | 1 2 3 |  3.7
Shields        | 1 2 3 |  3.0
Shapeshifting  | 5 6 8 |  8.4
Fighting       | 2 3 |  3.6
Invocations    | 1 3 4 |  4.2
Evocations     | 1 2 |  2.3
Throwing       | |  0.3
Stealth        | |  0.7

Action                     |  1- 3 |  4- 6 |  7- 9 | 10-12 || total
---------------------------+-------+-------+-------+-------++-------
  Melee: Unarmed           |    81 |   102 |   401 |   230 ||   814
         Punch             |     1 |       |       |       ||     1
         Tailslap          |       |     1 |     1 |     1 ||     3
  Throw: Javelin           |       |     1 |     1 |       ||     2
         Dart              |       |     2 |       |       ||     2
 Invoke: Draw Destruction  |       |       |       |     6 ||     6
         Draw Escape       |       |       |       |     1 ||     1
         Draw Summoning    |       |       |       |     1 ||     1
  Evoke: Wand              |       |       |       |     6 ||     6
    Use: Potion            |       |     4 |     2 |       ||     6
         Scroll            |       |       |    10 |     2 ||    12
 Armour: Animal skin       |    34 |       |       |       ||    34
         Ring mail         |     2 |     1 |       |       ||     3
         Chain mail        |       |    75 |   248 |   186 ||   509
         Skin              |       |    27 |     8 |       ||    35
  Dodge: Dodged            |    61 |    28 |   109 |    89 ||   287
  Block: Buckler           |       |     9 |       |       ||     9
         Kite shield       |       |    17 |   151 |       ||   168
   Form: Flux              |       |       |       |     1 ||     1

Table legend: (Time is in decaauts)
 A = Elapsed time spent in this place.
 B = Non-inter-level travel time spent in this place.
 C = Inter-level travel time spent in this place.
 D = Time resting spent in this place.
 E = Time spent auto-exploring this place.
 F = Levels seen in this place.
 G = Mean time per level.
                   A        B        C        D        E       F      G
               +--------+--------+--------+--------+--------+-----+--------+
         Total |   9691 |   9208 |    483 |   1026 |   4731 |  14 |  692.2 |
       Dungeon |   9026 |   8543 |    483 |    973 |   4706 |  10 |  902.6 |
        Temple |      9 |      9 |      0 |      0 |      0 |   1 |    9.0 |
          Lair |     36 |     36 |      0 |      0 |      0 |   1 |   36.0 |
         Sewer |    293 |    293 |      0 |     53 |     25 |   1 |  293.0 |
       Ossuary |    324 |    324 |      0 |      0 |      0 |   1 |  324.0 |
               +--------+--------+--------+--------+--------+-----+--------+

Top non-repeatable levels by time:
     D:9: 1210 daAuts
     D:8: 1208 daAuts
     D:7: 1132 daAuts
     D:6: 1131 daAuts
     D:2: 1036 daAuts
     D:5: 931 daAuts
     D:3: 914 daAuts
     D:4: 690 daAuts
     D:1: 660 daAuts
 Ossuary: 324 daAuts
   Sewer: 293 daAuts
    D:10: 108 daAuts
  Lair:1: 36 daAuts
  Temple: 9 daAuts
